 Dungeon Crawl Stone Soup version 0.30-b1-2-g02819fbbbe (webtiles) character file.

Game seed: 12209385845411846274

9 Alarkh the Vexing (level 2, 21/21 HPs)
             Began as a Demonspawn Hexslinger on July 8, 2023.
             Got out of the dungeon alive.
             The game lasted 00:00:39 (311 turns).

Alarkh the Vexing (Demonspawn Hexslinger)            Turns: 311, Time: 00:00:40

Health: 21/21      AC:  2    Str: 10    XL:     2   Next: 3%
Magic:  3/3        EV: 12    Int: 14    God:
Gold:   32         SH:  0    Dex: 13    Spells: 2/3 levels left

rFire   . . .        a - +1 sling
rCold   . . .        (no shield)
rNeg    . . .        c - +0 robe
rPois   .            (no helmet)
rElec   .            (no cloak)
rCorr   .            (no gloves)
SInv    .            (no boots)
Will    .....        (no amulet)
Stlth   +            (no ring)
HPRegen 0.23/turn    (no ring)
MPRegen 0.16/turn

%: no passive effects
@: no status effects
A: magic regeneration
a: no special abilities


You escaped.
You visited 1 branch of the dungeon, and saw 1 of its levels.

You collected 32 gold pieces.

Inventory:

Hand Weapons
 a - a +1 sling (weapon)
Armour
 c - a +0 robe (worn)
Scrolls
 b - 2 scrolls of poison
 d - a scroll of identify {unknown}
 e - a scroll of vulnerability {unknown}
 f - a scroll of enchant weapon {unknown}
Potions
 g - a potion of heal wounds {unknown}
 h - a potion of curing {unknown}


   Skills:
 + Level 1.4 Fighting
 * Level 2.3 Ranged Weapons
 - Level 1.7 Dodging
 - Level 1.0 Spellcasting
 - Level 3.0 Hexes


You had 2 spell levels left.
You knew the following spells:

 Your Spells              Type           Power      Damage    Failure   Level
a - Slow                  Hex            36%        N/A       8%          1

Your spell library contained the following spells:

 Spells                   Type           Power      Damage    Failure   Level
 Inner Flame              Hex/Fire       4%         N/A       38%         3
 Portal Projectile        Hex/Tloc       8%         N/A       38%         3
 Cause Fear               Hex            4%         N/A       58%         4


Dungeon Overview and Level Annotations

Branches:
Dungeon (1/15)

Altars:


Innate Abilities, Weirdness & Mutations

You regenerate magic rapidly.


Message History

The rat closely misses you. The rat bites you.
You shoot a sling bullet.
The sling bullet hits the rat but does no damage.
The rat is heavily wounded.
The rat bites you but does no damage.
You shoot a sling bullet. The sling bullet barely misses the rat.
The rat misses you.
You shoot a sling bullet.
The sling bullet closely misses the rat.
The rat closely misses you. The rat barely misses you.
You shoot a sling bullet.
The sling bullet closely misses the rat.
The rat bites you.
You shoot a sling bullet.
The sling bullet closely misses the rat.
The rat closely misses you.
You shoot a sling bullet.
The sling bullet closely misses the rat.
The rat misses you. The rat bites you.
You shoot a sling bullet. The sling bullet hits the rat!
You kill the rat!
No target in view!
You see here a rat corpse.
A bat comes into view.
A bat is nearby!
A bat is nearby!
You shoot a sling bullet.
The sling bullet closely misses the bat.
The bat closely misses you.
You shoot a sling bullet. The sling bullet hits the bat.
You kill the bat!
You have reached level 2!
Your demonic ancestry asserts itself...
Your magic begins to regenerate rapidly.
h - an emerald potion Unknown command.
You see here a rat corpse.
There is a staircase leading out of the dungeon here.
Are you sure you want to leave the Dungeon?
This will make you lose the game!
You have escaped!

####.# #...## #.†.†..#
#.#######....####.#.......
###.#....#####......###...##
#.......#.###.#............#
#.....#..###.#.###....##.#...#
#.#.#.#.## ##.## ##.#.# #...#
#......##.###.#.###.##... ....
##..##.###.#.#.#.#.####### #.#
#.. ..# ##.#.@.#.##
.#.######.#.#.#.#.##########
#.....#.###.#.###.#.......#
#..## ##.## ##........# ##.(#
#.#.####........# #..####.#
#.#..........#
##...##.#####[###.......#
#.....#.......# #.......#
#...#.........# #.......#


There were no monsters in sight!

Vanquished Creatures
  3 ball pythons (D:1)
  A bat (D:1)
  A giant cockroach (D:1)
  A goblin (D:1)
  2 rats (D:1)
8 creatures vanquished.

Notes
Turn   | Place    | Note
-------+----------+-------------------------------------------
     0 | D:1      | Alarkh the Demonspawn Hexslinger began the quest for the
                  | Orb.
     0 | D:1      | Reached XP level 1. HP: 15/15 MP: 2/2
   284 | D:1      | Gained mutation: You regenerate magic rapidly. [demonic
                  | ancestry]
   284 | D:1      | Reached XP level 2. HP: 21/21 MP: 3/3
   311 | D:$      | Got out of the dungeon alive.

Illustrated notes

Levels and vault maps discovered:
D:1:      minmay_arrival_diagonal_passages, layout_loops_cross

Skill      XL: |  1 |
---------------+----+-----
Ranged Weapons | 2 |  2.3
Fighting       | |  1.4
Dodging        | |  1.7
Spellcasting   | |  1.0
Hexes          | |  3.0

Action                     || total
---------------------------++-------
   Fire: Sling             ||    23
 Armour: Robe              ||     1
  Dodge: Dodged            ||     9
